 Dungeon Crawl Stone Soup version 0.28.0-53-g5a82cb258f (webtiles) character file.

Game seed: 11235958206083935678

138 SanguineChosen the Cudgeller (level 5, -2/33 HPs)
             Began as a Gargoyle Monk on June 27, 2022.
             Slain by a river rat (3 damage)
             ... in a sewer.
             The game lasted 00:17:28 (3949 turns).

SanguineChosen the Cudgeller (Gargoyle Monk)        Turns: 3949, Time: 00:17:28

Health: -2/33      AC:  7    Str: 16    XL:     5   Next: 21%
Magic:  5/5        EV: 12    Int: 11    God:
Gold:   21         SH:  0    Dex: 12    Spells: 4/4 levels left

rFire   . . .      SeeInvis .   a - +0 mace
rCold   . . .      Faith    .   (no shield)
rNeg    + . .      Spirit   .   b - +0 robe
rPois   ∞          Reflect  .   k - +0 helmet
rElec   +          Harm     .   f - scarf {repulsion}
rCorr   .          Rampage  .   (no gloves)
Will    .....                   (no boots)
Stlth   ++........              (no amulet)
HPRegen 0.11/turn               (no ring)
MPRegen 0.09/turn               (no ring)

@: repel missiles
A: sickness immunity, AC +4, negative energy resistance 1, electricity
resistance, torment resistance 1, petrification resistance
a: no special abilities


You were in a sewer.
You visited 1 branch of the dungeon, and saw 3 of its levels.
You also visited: Sewer.

You collected 101 gold pieces.
You spent 80 gold pieces at shops.

Inventory:

Hand Weapons
 a - a +0 mace (weapon)
 g - a +2 short sword of freezing
 j - a +0 dagger of venom
Armour
 b - a +0 robe (worn)
 f - a scarf of repulsion (worn)
 k - a +0 helmet (worn)
Magical Staves
 c - a staff of fire
Wands
 n - a wand of charming (2)
Scrolls
 i - a scroll of enchant weapon
Potions
 d - 2 potions of magic


   Skills:
 + Level 4.0 Fighting
 + Level 4.4 Maces & Flails
 + Level 3.1 Dodging
 + Level 2.7 Stealth


You had 4 spell levels left.
You didn't know any spells.
Your spell library was empty.

Dungeon Overview and Level Annotations

Branches:
Dungeon (3/15)              Sewer (1/1)

Altars:

Shops:
D:1 ?


Innate Abilities, Weirdness & Mutations

You are immune to sickness and miasma.
Your stone body is resilient. (AC +4)
You are immune to poison.
You resist negative energy. (rN+)
You are resistant to electric shocks. (rElec)
You are resistant to unholy torment.
You are immune to petrification.


Message History

The jackal bites you but does no damage.
The jackal closely misses you.
The jackal splashes around in the water.
The ball python bites you but does no damage.
The ball python constricts you.
You thump the jackal!
You kill the jackal!
The jackal bites you but does no damage.
The jackal bites you. The ball python closely misses you.
The ball python constricts you. The jackal completely misses you.
The jackal barely misses you.
You escape the ball python's grasp.
The jackal splashes around in the water.
The jackal misses you. The ball python barely misses you.
The ball python grabs you. The ball python constricts you.
The jackal bites you.
You escape the ball python's grasp.
You barely miss the jackal.
The ball python bites you but does no damage.
The ball python barely misses you.
The jackal splashes around in the water.
The ball python bites you but does no damage.
The ball python closely misses you.
You sock the ball python!
You kill the ball python!
The jackal bites you but does no damage.
The jackal barely misses you.
You hit the river rat. Your punch misses the river rat.
The river rat is moderately wounded.
The jackal misses you. The river rat bites you.
The jackal splashes around in the water.
The river rat barely misses you.
You hit the river rat.
The river rat is severely wounded.
The jackal closely misses you. The river rat bites you.
* * * LOW HITPOINT WARNING * * *
You hit the jackal but do no damage. The jackal bites you.
* * * LOW HITPOINT WARNING * * *
The jackal completely misses you. The river rat bites you.
You die...

≈≈≈≈≈. ## #≈≈≈#
!.≈#########≈≈≈#
....≈.≈≈≈≈≈≈≈≈.#
...≈≈≈≈≈≈≈≈≈.≈≈#
..≈≈≈≈≈≈≈≈≈≈≈≈≈#
!...########h≈≈# #
#hr≈# ##@≈B# ####
#.≈≈≈# ###∩.###
####≈≈.#
#∩.....####.≈≈≈≈≈#
#...........≈≈≈≈≈#
#..........≈.≈≈≈≈#
##....†##.####≈≈.#
##...##### #≈≈≈#
##### #≈≈≈#


You could see a river rat, 2 jackals and a giant cockroach.

Vanquished Creatures
  4 adders (D:2)
  A river rat (Sewer)
  5 worms
  An orc (D:2)
  6 ball pythons
  10 bats
  5 endoplasms
  2 giant cockroaches (D:3)
  9 goblins
  4 hobgoblins
  A jackal (Sewer)
  7 quokkas
  3 frilled lizards
  5 kobolds
  14 rats
77 creatures vanquished.

Notes
Turn   | Place    | Note
-------+----------+-------------------------------------------
     0 | D:1      | SanguineChosen the Gargoyle Monk began the quest for the
                  | Orb.
     0 | D:1      | Reached XP level 1. HP: 14/14 MP: 1/1
   309 | D:1      | Reached XP level 2. HP: 18/19 MP: 2/2
   578 | D:1      | Found a faded altar of an unknown god.
   850 | D:1      | Reached XP level 3. HP: 24/24 MP: 3/3
  1096 | D:1      | Found Befucvu's Magic Scroll Emporium.
  1108 | D:1      | Bought a scroll of identify for 20 gold pieces
  2017 | D:2      | Reached XP level 4. HP: 13/29 MP: 4/4
  3444 | D:1      | Bought a scroll of identify for 20 gold pieces
  3444 | D:1      | Bought a scroll of identify for 20 gold pieces
  3444 | D:1      | Bought a scroll of identify for 20 gold pieces
  3487 | D:3      | Found a glowing drain.
  3494 | D:3      | Reached XP level 5. HP: 28/33 MP: 5/5
  3729 | Sewer    | Entered a sewer
  3949 | Sewer    | HP: 1/33 [jackal (3)]
  3949 | Sewer    | Slain by a river rat

Illustrated notes

Levels and vault maps discovered:
D:1:      dpeg_arrival_houses_and_road, layout_basic, serial_shops,
          nicolae_shop_trees, ebering_ecumenical_altar_rust
D:2:      minmay_chambers_of_twos, layout_basic, kennysheep_another_room,
          minmay_pentomino_x4
D:3:      layout_loops_corners, cheibrodos_sewer_entry_drain,
          uniq_crazy_yiuf_cottage, uniq_sigmund, uniq_jessica
Sewer:    sewer_fruit_machine

Skill      XL: |  1  2  3  4 |
---------------+-------------+-----
Dodging        | 3 |  3.1
Maces & Flails | 4 |  4.4
Fighting       | 4 |  4.0
Stealth        | |  2.7

Action                   |  1- 3 |  4- 6 || total
-------------------------+-------+-------++-------
Melee: Staff             |    20 |       ||    20
       Mace              |    88 |   144 ||   232
       Punch             |     1 |       ||     1
  Use: Scroll            |     1 |     4 ||     5
       Potion            |       |     1 ||     1
 Stab: Sleeping          |     6 |     3 ||     9
Armor: Robe              |    39 |    90 ||   129
Dodge: Dodged            |    82 |   144 ||   226
